 Dungeon Crawl Stone Soup version 0.27-a0-1278-g6cbc8dfb29 (webtiles) character file.

Game seed: 3388900558278116896

1780 trckry the Carver (level 9, 0/58 (62) HPs)
             Began as a Barachi Warper on June 12, 2021.
             Killed from afar by a wight (14 damage)
             ... with a bolt of acid
             ... on level 7 of the Dungeon on June 13, 2021.
             The game lasted 00:23:43 (7887 turns).

trckry the Carver (Barachi Warper)                  Turns: 7887, Time: 00:23:44

HP:   0/58 (62)     AC:  0    Str: 14    XL:     9   Next: 8%
MP:   0/21          EV: 15    Int: 16    God:
Gold: 220           SH:  0    Dex: 11    Spells: 7/12 levels left

rFire    . . .     SeeInvis .   a - +1 falchion (flame)
rCold    . . .     Faith    .   (no shield)
rNeg     . . .     Spirit   +   h - +0 leather armour
rPois    .         Reflect  .   u - +1 helmet
rElec    .         Harm     .   o - +0 cloak
rCorr    .         Rampage  .   B - +0 pair of gloves
Will     .....                  (no boots)
Stlth    +.........             j - amulet of guardian spirit
HPRegen  0.19/turn              t - +4 ring of evasion
MPRegen  0.17/turn              l - ring of magical power

@: corroded, unable to hop, drained, slow
A: amphibious, slowness 1, strong legs 1, +LOS
a: Hop


You were on level 7 of the Dungeon.
You visited 1 branch of the dungeon, and saw 7 of its levels.
You also visited: Sewer.

You collected 220 gold pieces.

Inventory:

Hand Weapons
 a - a +1 falchion of flaming (weapon)
 b - a +2 dagger of venom
Missiles
 r - 39 poisoned darts (quivered)
Armour
 f - a +0 plate armour
 h - a +0 leather armour (worn)
 o - a +0 cloak (worn)
 q - a +0 tower shield
 u - a +1 helmet (worn)
 B - a +0 pair of gloves (worn)
Jewellery
 g - a ring of protection from fire
 j - an amulet of guardian spirit (around neck)
 l - a ring of magical power (right hand)
 t - a +4 ring of evasion (left hand)
Wands
 p - a wand of polymorph (8)
Scrolls
 d - a scroll of blinking
 s - a scroll of identify
 x - 2 scrolls of teleportation
Potions
 c - a potion of heal wounds {unknown}
 i - a potion of brilliance
 k - 2 potions of curing
 m - a potion of might {unknown}
 n - a potion of haste {unknown}
 v - 2 potions of flight {unknown}
 w - a potion of magic {unknown}
 z - a potion of ambrosia {unknown}
 A - 2 potions of attraction {unknown}


   Skills:
 - Level 2.4 Fighting
 * Level 8.1 Long Blades
 - Level 1.0 Throwing
 + Level 5.5 Armour
 - Level 2.1 Dodging
 - Level 4.0 Shields
 - Level 2.1 Spellcasting
 * Level 8.0 Translocations
 + Level 2.6 Evocations


You had 7 spell levels left.
You knew the following spells:

 Your Spells              Type           Power      Damage    Failure   Level
a - Blink                 Tloc           N/A        N/A       1%          2
b - Gell's Gravitas       Tloc           13%        N/A       2%          3

Your spell library contained the following spells:

 Spells                   Type           Power      Damage    Failure   Level
 Lesser Beckoning         Tloc           13%        N/A       2%          3
 Teleport Other           Tloc           27%        N/A       2%          3
 Animate Skeleton         Necr           2%         N/A       26%         1
 Beastly Appendage        Tmut           2%         N/A       26%         1
 Magic Dart               Conj           4%         1d3       26%         1
 Pain                     Necr           4%         1d4       26%         1
 Manifold Assault         Tloc           27%        N/A       26%         5
 Call Imp                 Summ           1%         N/A       36%         2
 Slow                     Hex            1%         N/A       36%         2
 Wereblood                Tmut           1%         N/A       36%         2
 Conjure Flame            Conj/Fire      1%         6-21      58%         3
 Mephitic Cloud           Conj/Pois/Air  1%         N/A       58%         3
 Spider Form              Tmut/Pois      0%         N/A       58%         3
 Vampiric Draining        Necr           0%         2d6       58%         3
 Animate Dead             Necr           0%         N/A       94%         4
 Ice Form                 Ice/Tmut       1%         N/A       94%         4
 Agony                    Necr           1%         N/A       100%        5


Dungeon Overview and Level Annotations

Branches:
Dungeon (7/15)              Sewer (visited)
 Temple: D:4-7

Altars:
Ashenzari
Gozag
Kikubaaqudgha
Nemelex Xobeh
Okawaru

Annotations:
D:4 Menkaure, Pikel, Sigmund


Innate Abilities, Weirdness & Mutations

You are amphibious.
You cover ground slowly.
You can hop short distances.
You have an extended range of vision and can be seen from far away.


Message History

You hit the wight but do no damage. The wight hits you with a +4 hand axe.
You feel drained.
You take 5 damage, and have 36/60 hp.
You now have 12/21 mp.
You hit the wight but do no damage.
The wight zaps a wand.
The bolt of acid hits you! The acid corrodes you!
You are splashed with acid!
* * * LOW HITPOINT WARNING * * *
You take 18 damage, and have 18/60 hp.
MASSIVE DAMAGE!!
You now have 6/21 mp.
You hit the wight but do no damage. The wight hits you with a +4 hand axe!
* * * LOW HITPOINT WARNING * * *
You feel drained.
* * * LOW HITPOINT WARNING * * *
You take 10 damage, and have 8/58 hp.
You now have 3/21 mp.
Hop to where?
Press: ? - help, Dir - move target Boing!
Throw: 4 boomerangs (disperse)
Press: ? - help, Q - select action, (/) - cycle Shift-Dir - straight line, f - wight
Aim: a wight, wielding a +4 hand axe, wearing a +0 robe and carrying a wand of acid (5) (sparse dust, 56% to hit)
You throw a boomerang of dispersal.
The boomerang of dispersal hits the wight but does no damage.
Throw: 3 boomerangs (disperse)
Press: ? - help, Q - select action, (/) - cycle Shift-Dir - straight line, f/p - wight
Aim: a wight, wielding a +4 hand axe, wearing a +0 robe and carrying a wand of acid (5) (56% to hit)
You throw a boomerang of dispersal.
The boomerang of dispersal hits the wight but does no damage.
Throw: 2 boomerangs (disperse)
Press: ? - help, Q - select action, (/) - cycle Shift-Dir - straight line, f/p - wight
Aim: a wight, wielding a +4 hand axe, wearing a +0 robe and carrying a wand of acid (5) (56% to hit)
You throw a boomerang of dispersal.
The boomerang of dispersal barely misses the wight.
Throw: boomerang (disperse)
Press: ? - help, Q - select action, (/) - cycle Shift-Dir - straight line, f/p - wight
Aim: a wight, wielding a +4 hand axe, wearing a +0 robe and carrying a wand of acid (5) (56% to hit)
You throw a boomerang of dispersal.
The boomerang of dispersal hits the wight but does no damage.
You feel better. The wight hits you with a +4 hand axe.
* * * LOW HITPOINT WARNING * * *
You regained 5 hp, and now have 14/58 hp.
You closely miss the wight.
The wight zaps a wand.
The bolt of acid hits you!!
You die...

,,,#...$......##..####...,,,*,,,*
,,,###.#...##.#..>.###*##**,,,*,*
,,,,>..#...##.#......## **,,,,,
,,...,.....##.#....#..#*****,,,,,
...##....................,,*,,,,,
##,*#.#######............,,*,,,,,
*,...* ###[...##....,,*,,,,,
*#.#** #.z..#*....,,*,,,,, ##*
#.@..#*,...,,*,,,,,
######*,,..,,****** ********


You could see a wight.

Vanquished Creatures
  A sky beast (D:6)
  An ice beast (D:7)
  2 necrophages
  An ogre (D:5)
  2 centaurs
  A phantom (D:4)
  2 kobold brigands
  2 scorpions (D:6)
  2 bullfrogs (D:6)
  A gnoll sergeant (D:6)
  A water moccasin skeleton (D:6)
  A wight (D:7)
  A howler monkey (D:6)
  A bullfrog zombie (D:6)
  2 hounds
  An orc priest (D:2)
  2 centaur skeletons
  Terence (D:3)
  3 iguanas (D:6)
  An orc wizard (D:2)
  8 gnolls
  A river rat (Sewer)
  6 adders
  A shadow imp (D:6)
  2 worms (D:2)
  A dart slug (D:2)
  3 orcs (D:2)
  4 ball pythons
  6 endoplasms
  2 giant cockroaches (D:3)
  5 goblins
  4 hobgoblins
  4 jackals
  5 quokkas
  6 bats
  4 frilled lizards
  12 kobolds
  9 rats
112 creatures vanquished.

Vanquished Creatures (others)
  A plant (D:6)
1 creature vanquished.

Grand Total: 113 creatures vanquished

Notes
Turn   | Place    | Note
-------+----------+-------------------------------------------
     0 | D:1      | trckry the Barachi Warper began the quest for the Orb.
     0 | D:1      | Reached XP level 1. HP: 17/17 MP: 3/3
   100 | D:1      | Reached XP level 2. HP: 22/23 MP: 5/5
   961 | D:1      | Reached XP level 3. HP: 27/28 MP: 6/6
  1550 | D:2      | Found a faded altar of an unknown god.
  1702 | D:2      | Learned a level 2 spell: Blink
  1838 | D:2      | Reached XP level 4. HP: 29/34 MP: 5/7
  2547 | D:3      | Reached XP level 5. HP: 36/39 MP: 6/8
  2734 | D:3      | Found a glowing drain.
  2738 | Sewer    | Entered a sewer
  2789 | Sewer    | Noticed a kobold brigand
  2839 | Sewer    | Killed a kobold brigand
  2840 | Sewer    | Reached skill level 1 in Shields
  2840 | Sewer    | Reached skill level 5 in Translocations
  3087 | Sewer    | Found a white marble altar of Elyvilon.
  3193 | D:3      | Noticed Terence
  3201 | D:3      | Killed Terence
  3202 | D:3      | Reached XP level 6. HP: 32/46 MP: 7/9
  3571 | D:3      | Reached skill level 5 in Long Blades
  3578 | D:3      | HP: 6/46 [gnoll (6)]
  4181 | D:3      | Learned a level 3 spell: Gell's Gravitas
  4418 | D:4      | Noticed Menkaure
  4424 | D:5      | Entered Level 5 of the Dungeon
  4452 | D:5      | Reached XP level 7. HP: 39/51 MP: 7/10
  4877 | D:5      | Found a broken altar of Ashenzari.
  5129 | D:5      | Found an opulent altar of Gozag.
  5129 | D:5      | Found a sparkling altar of Nemelex Xobeh.
  5341 | D:4      | Noticed Pikel
  5341 | D:4      | Noticed Sigmund
  5669 | D:6      | Reached XP level 8. HP: 52/57 MP: 11/11
  6091 | D:6      | Reached skill level 1 in Evocations
  6872 | D:6      | Found a large runed translucent door.
  6873 | D:6      | Found a large runed translucent door.
  7080 | D:6      | Found an iron altar of Okawaru.
  7095 | D:6      | Found an ancient bone altar of Kikubaaqudgha.
  7104 | D:6      | Reached skill level 5 in Armour
  7645 | D:6      | Reached XP level 9. HP: 54/62 MP: 12/12
  7880 | D:7      | HP: 9/60 [wight (10)]
  7887 | D:7      | Killed from afar by a wight

Illustrated notes

Levels and vault maps discovered:
D:1:      co_arrival_square_in_a_square_in_a_square, layout_rooms,
          wander_ebering_terrifying_dragon_lair
D:2:      layout_basic, hellmonk_ecumenical_altar_arch_garden
D:3:      layout_loops_corners, gup_sewer_entry_bowl, uniq_terence
D:4:      layout_basic, minmay_temple_entry_butterflies, uniq_menkaure,
          uniq_pikel, uniq_sigmund, uniq_eustachio, uniq_grinder
D:5:      layout_rooms, grunt_temple_overflow_opulence, lemuel_doored_altar
D:6:      layout_basic, jmf_multi_god_temple2, minmay_tree_intersection,
          serial_bayou_pond_a
D:7:      layout_rooms, grunt_temple_overflow_open, overflow_temple_1_default,
          minmay_manual_monolith

Skill      XL: |  1  2  3  4  5  6  7  8  9 |
---------------+----------------------------+-----
Long Blades    | 3 4 5 6 8 |  8.1
Armour         | 2 3 4 5 |  5.5
Translocations | 4 5 6 7 8 |  8.0
Shields        | 1 2 3 4 |  4.0
Evocations     | 2 |  2.6
Fighting       | |  2.4
Throwing       | |  1.0
Dodging        | |  2.1
Spellcasting   | |  2.1

Action                   |  1- 3 |  4- 6 |  7- 9 || total
-------------------------+-------+-------+-------++-------
Melee: Falchion          |    46 |    24 |   122 ||   192
       Dagger            |    73 |   150 |   119 ||   342
Throw: Dart              |       |     4 |    25 ||    29
       Boomerang         |       |     1 |     4 ||     5
       Throwing net      |       |       |     1 ||     1
 Cast: Blink             |       |     1 |       ||     1
       Gell's Gravitas   |       |       |     1 ||     1
 Abil: Hop               |       |     2 |     2 ||     4
  Use: Scroll            |       |     9 |     2 ||    11
       Potion            |       |       |     1 ||     1
 Stab: Sleeping          |     1 |     1 |       ||     2
       Held in net/web   |       |       |     1 ||     1
Armor: Leather armour    |    31 |    42 |    67 ||   140
Dodge: Dodged            |    67 |    78 |   145 ||   290
       Rpst.: Falchion   |    10 |     6 |    26 ||    42

Table legend: (Time is in decaauts)
 A = Elapsed time spent in this place.
 B = Non-inter-level travel time spent in this place.
 C = Inter-level travel time spent in this place.
 D = Time resting spent in this place.
 E = Time spent auto-exploring this place.
 F = Levels seen in this place.
 G = Mean time per level.
                   A        B        C        D        E       F      G
               +--------+--------+--------+--------+--------+-----+--------+
         Total |   8485 |   8309 |    176 |   1043 |   5201 |   8 | 1060.6 |
       Dungeon |   8048 |   7872 |    176 |    861 |   5129 |   7 | 1149.7 |
         Sewer |    437 |    437 |      0 |    182 |     71 |   1 |  437.0 |
               +--------+--------+--------+--------+--------+-----+--------+

Top non-repeatable levels by time:
     D:6: 2382 daAuts
     D:2: 1511 daAuts
     D:3: 1467 daAuts
     D:1: 1132 daAuts
     D:5: 1044 daAuts
   Sewer: 437 daAuts
     D:7: 261 daAuts
     D:4: 249 daAuts
